 Dungeon Crawl Stone Soup version 0.32-a0-616-g9348d4545b (webtiles) character file.

Game seed: 2825659157409684693

535906 MrSquiggles the Archmage (level 25, -30/373 HPs)
             Began as an Oni Hedge Wizard on Mar 4, 2024.
             Was the Champion of Beogh.
             Killed from afar by a red draconian knight (60 damage)
             ... with a shard of ice
             ... on level 1 of the Realm of Zot on Mar 6, 2024.
             The game lasted 06:00:33 (79888 turns).

MrSquiggles the Archmage (Oni Hedge Wizard)        Turns: 79888, Time: 06:00:37

Health: -30/373    AC: 42    Str: 18 (19) XL:     25   Next: 81%
Magic:  40/54      EV: 18    Int: 23      God:    Beogh [******]
Gold:   5256       SH:  0    Dex:  8      Spells: 15/78 levels left

rFire   + . .        a - +7 great mace (protect)
rCold   . . .        (shield currently unavailable)
rNeg    + . .        (body armour currently unavailable)
rPois   ∞            Z - +2 hat {Will+}
rElec   +            p - +2 cloak
rCorr   .            (gloves unavailable)
SInv    .            (boots unavailable)
Will    ++++.        r - amulet of the acrobat
Stlth   ++           t - +8 ring of evasion
HPRegen 0.82/turn    W - ring of protection from fire
MPRegen 0.34/turn

%: acrobat
@: statue-form, under a protective aura, studying Unarmed Combat, very slow
A: slow and powerful, torment resistance 1, boosted hp, walk on water, large,
unfitting armour, horns 1, (tough skin 1), double potion healing, drunken
brawling, deterioration 1, strong-willed 1, weak 1, wild magic 1
}: 3/15 runes: serpentine, barnacled, slimy
a: Begin Untransformation, Renounce Religion, Smiting, Recall Apostles, Blood
for Blood, Dismiss Orgrim, priest, Dismiss Thorok, priest, Dismiss Bogwald,
warrior


You were on level 1 of the Realm of Zot.
You worshipped Beogh.
Beogh was exalted by your worship.
You were a living statue of rough stone.
You visited 10 branches of the dungeon, and saw 46 of its levels.
You also visited: Trove and Ossuary.

You collected 6981 gold pieces.
You spent 1725 gold pieces at shops.

Inventory:

Hand Weapons
 a - a +7 great mace of protection (weapon)
 b - a +2 morningstar of holy wrath
Missiles
 s - 6 javelins
 x - 5 datura-tipped darts
 J - 17 curare-tipped darts
 X - 4 throwing nets
Armour
 p - a +2 cloak (worn)
 Z - a +2 hat of willpower (worn)
Jewellery
 c - a ring of protection from cold
 r - an amulet of the acrobat (around neck)
 t - a +8 ring of evasion (left fist)
 y - a +5 ring of evasion
 W - a ring of protection from fire (right fist)
Talismans
 m - a granite talisman (active)
Wands
 u - a wand of digging (6)
 v - a wand of flame (25)
 F - a wand of quicksilver (10)
 U - a wand of paralysis (47)
 V - a wand of roots (17)
Scrolls
 e - a scroll of brand weapon
 f - 7 scrolls of identify
 g - 2 scrolls of blinking
 h - a scroll of silence
 i - 2 scrolls of enchant armour
 j - 2 scrolls of torment
 n - 10 scrolls of fog
 o - 4 scrolls of teleportation
 w - a scroll of butterflies
 z - 6 scrolls of fear
 C - 3 scrolls of revelation
 H - 6 scrolls of vulnerability
 O - 8 scrolls of noise
 Q - 10 scrolls of poison
Potions
 d - 2 potions of magic
 k - 8 potions of enlightenment
 l - 12 potions of mutation
 q - 3 potions of might
 A - 7 potions of attraction
 D - 2 potions of lignification
 G - 5 potions of resistance
 I - 8 potions of brilliance
 K - 2 potions of ambrosia
 L - 3 potions of berserk rage
 M - a potion of heal wounds
 N - 2 potions of curing
 R - 3 potions of haste
 T - 6 potions of invisibility
Miscellaneous
 B - a lightning rod (4/4)
 P - a phial of floods
 S - a phantom mirror (inert)
 Y - a condenser vane (inert)


   Skills:
 + Level 23.0 Fighting
 - Level 3.0 Short Blades
 - Level 20.0 Maces & Flails
 - Level 0.3 Armour
 - Level 4.0 Dodging
 - Level 3.0 Stealth
 O Level 27 Spellcasting
 - Level 5.0 Conjurations
 - Level 3.0 Hexes
 - Level 6.0 Summonings
 - Level 2.0 Necromancy
 + Level 11.2 Translocations
 - Level 5.0 Ice Magic
 - Level 5.0 Air Magic
 - Level 2.5 Alchemy
 - Level 8.1 Invocations
 + Level 18.9 Shapeshifting


You had 15 spell levels left.
You knew the following spells:

 Your Spells              Type           Power      Damage    Failure   Level
a - Magic Dart            Conj           100%       1d8       1%          1
b - Blink                 Tloc           100%       N/A       1%          2
c - Call Imp              Summ           100%       N/A       1%          2
d - Cigotuvi's Dreadful   Necr/Alch/Air  100%       N/A       1%          2
e - Mephitic Cloud        Conj/Alch/Air  60%        N/A       1%          3
f - Anguish               Hex/Necr       26%        N/A       6%          4
g - Mercury Vapours       Alch/Air       100%       N/A       1%          2
h - Frozen Ramparts       Ice            100%       1d16      1%          3
i - Apportation           Tloc           100%       N/A       1%          1
j - Stone Arrow           Conj/Erth      100%       3d13      2%          3
k - Call Canine Familiar  Summ           66%        N/A       1%          3
l - Summon Mana Viper     Hex/Summ       61%        N/A       7%          5
m - Summon Blazeheart Go  Fire/Summ      55%        N/A       4%          4
n - Martyr's Knell        Necr/Summ      59%        N/A       3%          4
o - Manifold Assault      Tloc           82%        N/A       1%          4
p - Fugue of the Fallen   Necr           51%        N/A       2%          3
q - Lesser Beckoning      Tloc           100%       N/A       1%          2
r - Freezing Cloud        Conj/Ice/Air   31%        6-21      6%          5
s - Ozocubu's Armour      Ice            63%        N/A       1%          3
t - Animate Dead          Necr           51%        N/A       7%          4
u - Swiftness             Air            63%        N/A       1%          3

Your spell library contained the following spells:

 Spells                   Type           Power      Damage    Failure   Level
 Freeze                   Ice            100%       1d10      1%          1
 Necrotise                Necr           100%       1d9       1%          1
 Shock                    Conj/Air       100%       1d9       1%          1
 Slow                     Hex            100%       N/A       1%          1
 Sting                    Conj/Alch      100%       1d9       1%          1
 Summon Small Mammal      Summ           100%       N/A       1%          1
 Ensorcelled Hibernation  Hex/Ice        100%       N/A       1%          2
 Jinxbite                 Hex            100%       N/A       1%          2
 Searing Ray              Conj           100%       2d8       1%          2
 Static Discharge         Conj/Air       100%       3-8/arc   1%          2
 Dazzling Flash           Conj/Hex       100%       N/A       1%          3
 Gell's Gravitas          Tloc           82%        N/A       1%          3
 Hailstorm                Conj/Ice       63%        3d12      1%          3
 Summon Ice Beast         Ice/Summ       65%        N/A       1%          3
 Teleport Other           Tloc           82%        N/A       1%          3
 Volatile Blastmotes      Fire/Tloc      100%       2d18      1%          3
 Iskenderun's Mystic Bla  Conj/Tloc      73%        2d15      1%          4
 Vhi's Electric Charge    Tloc/Air       100%       N/A       1%          4
 Sandblast                Erth           80%        2d17      2%          1
 Vampiric Draining        Necr           51%        2d9       2%          3
 Airstrike                Air            31%        2d(5-21)  2%          4
 Summon Lightning Spire   Summ/Air       65%        N/A       2%          4
 Fulminant Prism          Conj/Alch      29%        3d14      3%          4
 Dispersal                Tloc           41%        N/A       3%          6
 Animate Armour           Summ/Erth      100%       N/A       4%          4
 Cause Fear               Hex            27%        N/A       4%          4
 Passwall                 Erth           40%        N/A       5%          3
 Brom's Barrelling Bould  Conj/Erth      53%        2d7       6%          4
 Iskenderun's Battlesphe  Conj           63%        2d11      6%          5
 Dispel Undead            Necr           51%        3d19      7%          4
 Silence                  Hex/Air        29%        N/A       9%          5
 Ignite Poison            Fire/Alch      47%        N/A       10%         4
 Sticky Flame             Fire/Alch      47%        2d9       10%         4
 Yara's Violent Unravell  Hex/Alch       27%        3d12      13%         5
 Alistair's Intoxication  Alch           35%        N/A       14%         5
 Fireball                 Conj/Fire      26%        3d12      14%         5
 Curse of Agony           Necr           51%        N/A       17%         5
 Borgnjor's Vile Clutch   Necr/Erth      23%        N/A       26%         5
 Conjure Ball Lightning   Conj/Air       31%        3x3d10    26%         6
 Malign Gateway           Summ/Tloc      37%        N/A       32%         7
 Sculpt Simulacrum        Ice/Alch       29%        N/A       41%         6
 Bombard                  Conj/Erth      26%        9d5       56%         6
 Death Channel            Necr           25%        N/A       63%         6
 Disjunction              Tloc           41%        N/A       63%         8
 Monstrous Menagerie      Summ           33%        N/A       65%         7
 Spellforged Servitor     Conj/Summ      32%        N/A       73%         7
 Orb of Destruction       Conj           31%        9d10      78%         7
 Ozocubu's Refrigeration  Ice            31%        4d14      78%         7
 Haunt                    Necr/Summ      29%        N/A       89%         7
 Enfeeble                 Hex            27%        N/A       96%         7
 Ignition                 Fire           20%        3d7       100%        8
 Infestation              Necr           25%        N/A       100%        8
 Lehudib's Crystal Spear  Conj/Erth      26%        10d7      100%        8
 Summon Horrible Things   Summ           33%        N/A       100%        8
 Dragon's Call            Summ           33%        N/A       100%        9
 Polar Vortex             Ice            31%        12d4*     100%        9


Dungeon Overview and Level Annotations

Branches:
Dungeon (15/15)            Temple (1/1) D:7            Lair (5/5) D:9
 Shoals (4/4) Lair:3        Snake (4/4) Lair:3        Slime (5/5) Lair:4
    Orc (0/2) D:9          Vaults (4/5) D:13          Crypt (3/3) Vaults:3
   Tomb (0/3) Crypt:3      Depths (4/4) D:15            Zot (1/5) Depths:4
Ossuary (visited)

Altars:
Ashenzari
Cheibriados
Dithmenos
Elyvilon
Fedhas
Gozag
Hepliaklqana
Kikubaaqudgha
Makhleb
Nemelex Xobeh
Okawaru
Qazlal
Ru
Sif Muna
Trog
Uskayaw
Vehumet
Wu Jian
Xom
Yredelemnul
Zin
The Shining One
Jiyva
Lugonu

Shops:
D:10 *   D:13 [   D:15 :   Shoals:3 [   Snake:1 =   Snake:3 (?![

Portals:
Hell: Depths:1 Depths:2 Depths:3 Depths:4
Abyss: Lair:5 Depths:1 Depths:2 Depths:3 Depths:4
Pandemonium: Depths:1 Depths:2
Ziggurat: Depths:4


Innate Abilities, Weirdness & Mutations

You are a living statue of rough stone.
Your actions are slow, but your melee attacks are powerful.
You are resistant to unholy torment.
Your maximum health is greatly increased.
Your equipment is partially melded.
You can walk on water.
Your facial features are unmistakably orcish.
You are too large for most types of armour.
You are immune to poison.
You have a pair of small horns on your head.
((You have tough skin. (AC +1)))
You gain doubled healing and magic from potions.
Whenever you drink a healing potion, you attack all around you.
Your body sometimes deteriorates upon taking damage.
You are strong-willed. (Will+)
You are weak. (Str -2)
Your spells are a little harder to cast, but a little more powerful.


Message History

Something hits you!
* * * LOW HITPOINT WARNING * * *
Unknown command.
You sock something! Your headbutt misses something.
Something hits you but does no damage.
Unknown command.
You closely miss something.
You hear a roar.
A searing blast appears from out of thin air!
The searing blast hits you!! You resist.
* * * LOW HITPOINT WARNING * * *
Something hits you but does no damage.
You take a swig of the potion and twirl your +7 great mace of protection.
You miss something.
You savour every drop.
You feel better. Something hits you but does no damage. Something hits you.
* * * LOW HITPOINT WARNING * * *
Unknown command.
Unknown command.
You bludgeon something!! Your headbutt misses something.
You hear a roar.
A searing blast appears from out of thin air!
The searing blast hits you. You resist.
* * * LOW HITPOINT WARNING * * *
Something hits you but does no damage.
Unknown command.
You take a swig of the potion and twirl your +7 great mace of protection.
You hit something but do no damage. Your headbutt misses something.
You savour every drop.
You feel better. Something hits you!
* * * LOW HITPOINT WARNING * * *
Something hits you!!
* * * LOW HITPOINT WARNING * * *
Unknown command.
Unknown command.
You take a swig of the potion and twirl your +7 great mace of protection.
You barely miss something. You headbutt something.
You savour every drop.
You feel better.
You hear some strange, mumbled words.
A shard of ice appears from out of thin air!
The shard of ice hits you!!!
You die...

*#.#..≈≈≈≈≈≈**
##
#.#........~~
#.#
#......##..,,
#.#
###{..##,,,,,
#☼#
##.##....#***
#.#
##.##*#####
#.# ##.##
#.###.##
#I#.## ##{##
###


There were no monsters in sight!

Vanquished Creatures
  the Royal Jelly (Slime:5)
  An ancient lich (Crypt:3)
  A juggernaut (Depths:3)
  Saint Roka (Crypt:2)
  Margery (Crypt:2)
  Nikola (Shoals:1)
  The ghost of Xacloem the Eclecticist, an adept OnFE of Cheibriados (Shoals:3)
  Rupert (D:13)
  3 tentacled monstrosities
  A walking crystal tome (Depths:2)
  Zenata (Vaults:1)
  6 liches
  Jorgrun (D:14)
  Asterion (Snake:2)
  A titan (Depths:4)
  3 walking divine tomes (Depths:3)
  2 walking frostbound tomes
  2 shard shrike skeletons (Crypt:3)
  4 sphinxes
  A kraken (Shoals:4)
  An ancient champion (Crypt:2)
  Frances (D:14)
  9 acid blobs
  Donald (Vaults:4)
  2 tengu reavers
  2 storm dragons
  5 azure jellies (Slime:5)
  3 draconian monks
  A draconian knight (Depths:4)
  4 shadow dragons
  3 nagarajas
  5 rockslimes
  8 frost giants
  5 fire giants
  17 vault wardens
  3 draconian scorchers
  3 ghouls (Crypt:1)
  A reaper (Crypt:2)
  12 very ugly things
  A curse skull (Vaults:3)
  2 draconian annihilators (Zot:1)
  An orc warlord (Slime:3)
  8 ironbound preservers
  4 quicksilver oozes
  A spriggan defender (Depths:2)
  5 formless jellyfish
  9 ironbound thunderhulks
  2 caustic shrike skeletons (Crypt:3)
  2 green draconians
  The ghost of Todem the Severer, a journeyman HOFi of Beogh (D:14)
  16 stone giants
  A deep elf demonologist (Depths:1)
  6 dire elephants
  3 black draconians
  9 vampire knights
  2 yellow draconians
  Azrael (Snake:2)
  A white draconian (Depths:4)
  7 spark wasps
  5 purple draconians (Zot:1)
  4 red draconians (Zot:1)
  2 eidola
  2 entropy weavers (shapeshifter)
  6 ettins
  13 fire dragons
  A merfolk javelineer (Shoals:3)
  A spriggan zombie (Crypt:1)
  2 entropy weavers
  9 great orbs of eyes
  7 jiangshi
  Josephine (D:13)
  3 merfolk impalers
  7 yaktaur captains
  4 ice dragons
  8 hydras
  A hell beast (Depths:1)
  4 vault guards
  4 salamander tyrants
  5 rakshasas
  10 ironbound frosthearts
  2 boulder beetles
  An Orb Guardian zombie (Crypt:1)
  2 merfolk aquamancers (Shoals:4)
  2 merfolk avatars (Shoals:4)
  3 spriggan air magi
  2 spriggan skeletons (Crypt:3)
  4 two-headed ogres
  3 satyrs
  8 anacondas
  10 centaur warriors
  7 deep troll shamans
  An orc high priest (Shoals:3)
  6 death yaks
  4 vampire magi
  A thrashing horror (Lair:5)
  13 naga sharpshooters
  3 deep troll earth magi
  2 occultists
  11 hell knights
  4 spriggan berserkers
  5 tengu warriors
  A titan zombie (Crypt:3)
  12 naga warriors
  5 skysharks
  9 shock serpents
  6 salamander mystics
  4 iron trolls
  An orc apostle (Snake:2)
  23 skeletal warriors
  8 sea snakes
  Lodul (D:14)
  An anaconda zombie (Crypt:1)
  A mana viper (shapeshifter) (Depths:4)
  An elf simulacrum (Crypt:1)
  7 mana vipers
  5 glowing orange brains
  A sea snake (shapeshifter) (Depths:3)
  33 deep trolls
  12 ironbound convokers
  4 arcanists
  5 lindwurms
  2 bog bodies (Crypt:1)
  5 naga ritualists
  5 phantasmal warriors
  A tengu zombie (Vaults:4)
  5 necromancers
  31 ugly things
  2 deep elf zephyrmancers (D:13)
  3 orc sorcerers
  An eye of devastation (shapeshifter) (Depths:2)
  7 orc knights
  A wolf spider (D:11)
  9 manticores
  5 deep elf pyromancers
  31 salamanders
  A harpy (Shoals:3)
  9 fauns
  13 elephants
  A shining eye (shapeshifter) (Vaults:2)
  4 large abominations (Depths:4)
  4 merfolk sirens
  A jorogumo skeleton (Crypt:1)
  5 cyclopes
  A meliai (Lair:3)
  3 moths of wrath
  7 guardian serpents
  A naga zombie (Crypt:1)
  7 cane toads
  A water nymph (shapeshifter) (Vaults:3)
  12 vault sentinels
  36 black mambas
  3 rust devils
  13 naga magi
  Joseph (D:7)
  An eye of devastation (Slime:4)
  3 smoke demons
  A gargoyle (Crypt:3)
  A torpor snail (Lair:2)
  A fire giant skeleton (Crypt:1)
  3 water nymphs (Shoals:3)
  2 spectral sea snakes (Snake:3)
  2 rime drakes
  A nameless horror (D:14)
  3 unseen horrors
  6 centaur skeletons
  2 kobold demonologists
  2 komodo dragons
  A redback zombie (D:15)
  A hellion (Depths:1)
  4 freezing wraiths
  An anaconda simulacrum (Snake:3)
  A yaktaur skeleton (Vaults:4)
  A guardian mummy (Crypt:3)
  A sea snake skeleton (Snake:3)
  2 tengu conjurers (D:15)
  5 trolls
  39 yaktaurs
  A harpy zombie (Crypt:1)
  An efreet (D:14)
  3 hornets
  A polar bear (Lair:2)
  7 merfolk
  2 wind drakes
  6 glass eyes
  A harpy skeleton (Crypt:2)
  20 blink frogs
  A dream sheep (Lair:5)
  An ettin zombie (Vaults:4)
  A stone giant simulacrum (Vaults:4)
  An ettin skeleton (Vaults:4)
  6 snapping turtles
  A frost giant simulacrum (Vaults:4)
  A jumping spider (Vaults:3)
  2 water elementals
  48 slime creatures
  4 shadows
  9 wraiths
  4 wyverns (Lair:3)
  A yak (shapeshifter) (D:15)
  A ynoxinul (Depths:1)
  49 yaks
  An ushabti (Crypt:3)
  2 golden eyes (Slime:4)
  A slime creature zombie (Slime:3)
  A warg (D:9)
  3 redbacks (Vaults:4)
  3 sea snake simulacra (Snake:3)
  2 basilisks
  A steam dragon (D:7)
  3 fire elementals (Snake:2)
  A warg (shapeshifter) (D:14)
  5 chaos spawn (Depths:4)
  Edmund (D:5)
  7 small abominations
  A swamp worm (shapeshifter) (D:14)
  48 nagas
  A merfolk zombie (Crypt:2)
  2 acid dragons
  2 hell hounds (Snake:2)
  Duvessa (D:5)
  11 water moccasins
  A naga skeleton (Crypt:3)
  2 ice beasts
  An ettin simulacrum (Vaults:4)
  3 black bears
  5 orc warriors
  4 laughing skulls
  4 boggarts (Lair:2)
  3 ogres (D:14)
  8 centaurs
  22 wolves
  A rime drake zombie (Crypt:2)
  2 hog skeletons (Crypt:2)
  7 kobold brigands
  14 bullfrogs
  2 scorpions (D:6)
  5 wights
  Dowan (D:5)
  28 killer bees
  5 spectral nagas (Snake:3)
  2 electric eels
  4 howler monkeys
  A lava snake (Snake:2)
  5 hounds
  5 orc priests
  A bombardier beetle (D:7)
  5 jellies
  Crazy Yiuf (D:2)
  A bullfrog zombie (Crypt:1)
  A bullfrog skeleton (Crypt:1)
  A sleepcap (D:5)
  4 iguanas
  5 orc wizards
  Natasha (D:4)
  10 mummies
  3 gnolls (D:2)
  2 adders
  4 naga simulacra (Snake:3)
  A shadow imp (D:4)
  A white imp (D:6)
  5 ufetubi
  A lava snake skeleton (Crypt:1)
  3 ribbon worms
  4 dart slugs
  21 orcs
  4 endoplasms
  2 giant cockroaches (D:1)
  12 goblins
  9 hobgoblins
  30 kobolds
  6 quokkas
  4 ball pythons
  7 bats
  8 frilled lizards
  3 hobgoblin zombies (Ossuary)
  5 kobold zombies
  5 rats
  A ball lightning (Shoals:3)
  A foxfire (Shoals:3)
  2 spectral weapons
  A tentacle (Shoals:4)
1429 creatures vanquished.

Vanquished Creatures (collateral kills)
  2 ancient liches (Crypt:3)
  A juggernaut (Depths:1)
  2 golden dragons
  A bone dragon (Crypt:3)
  A hellephant (Crypt:2)
  A titan (Vaults:4)
  4 acid blobs
  2 sphinxes (Crypt:3)
  A lich (Depths:2)
  2 ancient champions (Crypt:2)
  A kraken (Shoals:3)
  A fenstrider witch (Shoals:3)
  A storm dragon (Depths:4)
  4 rockslimes (Slime:5)
  An azure jelly (Slime:5)
  3 balrugs
  3 nagarajas (Snake:4)
  3 spectral caustic shrikes (Depths:2)
  2 vault wardens
  A draconian scorcher (Zot:1)
  3 frost giants
  4 fire giants
  The ghost of Cophusiv the Bludgeoner, a journeyman DsGl of Hepliaklqana (D:15)
  A curse skull (Crypt:3)
  6 ironbound preservers
  4 stone giants
  4 quicksilver oozes
  7 very ugly things
  A juggernaut skeleton (Crypt:3)
  A draconian annihilator (Depths:4)
  A formless jellyfish (Slime:5)
  3 ironbound thunderhulks
  3 vampire knights
  2 deep elf death magi
  A red draconian (Depths:4)
  3 war gargoyles (Crypt:3)
  A white draconian (Depths:4)
  7 dire elephants
  A yellow draconian (Depths:4)
  2 yaktaur captains
  Snorg (D:13)
  3 ettins
  2 merfolk javelineers
  7 jiangshi
  An entropy weaver (Vaults:2)
  3 fire dragons
  A rakshasa (Depths:2)
  2 vault guards
  Erolcha (D:13)
  4 ice dragons
  4 great orbs of eyes (Slime:5)
  2 spriggan air magi (Depths:1)
  2 centaur warriors
  2 alligator snapping turtles
  5 anacondas (Snake:4)
  A spriggan zombie (Crypt:2)
  2 hydras (Lair:5)
  A catoblepas (Lair:3)
  2 merfolk avatars
  A salamander tyrant (Snake:4)
  2 ironbound frosthearts (Vaults:4)
  2 boulder beetles
  A death knight (D:14)
  A dancing weapon (Vaults:2)
  3 two-headed ogres (D:11)
  5 vampire magi
  2 deep troll shamans
  3 merfolk aquamancers
  2 satyrs
  2 spriggan berserkers
  3 deep troll earth magi
  A tengu warrior (D:15)
  4 naga sharpshooters
  An orc high priest (Vaults:4)
  A thrashing horror (Lair:5)
  4 occultists
  8 hell knights
  An orc apostle (D:11)
  A skyshark (Shoals:1)
  9 skeletal warriors
  An iron troll (Depths:4)
  7 sea snakes
  5 salamander mystics
  2 glowing orange brains
  A flayed ghost (Crypt:2)
  21 deep trolls
  3 naga ritualists
  5 arcanists
  6 phantasmal warriors
  A deep elf archer (D:13)
  4 ironbound convokers
  4 necromancers
  2 harpies
  A salamander (shapeshifter) (D:15)
  18 ugly things
  3 cyclopes
  2 lindwurms
  An oklob plant (Shoals:2)
  A golden dragon skeleton (Crypt:3)
  3 shining eyes
  A deep elf pyromancer (D:15)
  14 salamanders
  An orc sorcerer (Shoals:3)
  10 manticores
  A human skeleton (Vaults:4)
  15 fauns
  2 meliai (Lair:3)
  8 merfolk sirens
  2 large abominations (Lair:5)
  8 black mambas
  9 elephants
  2 smoke demons
  A guardian serpent (Snake:4)
  4 vault sentinels
  3 naga magi
  4 gargoyles
  A rime drake (Lair:4)
  2 centaur skeletons (D:13)
  5 cane toads
  An unseen horror (Depths:4)
  3 komodo dragons
  8 yaktaurs
  2 kobold demonologists
  3 freezing wraiths
  2 tengu conjurers (D:15)
  A minotaur skeleton (Crypt:1)
  A guardian mummy (Crypt:3)
  4 wind drakes
  A polar bear (Lair:4)
  A troll (D:12)
  18 merfolk
  A queen bee (Lair:3)
  2 hornets (shapeshifter)
  A harpy skeleton (Crypt:3)
  A hornet (Depths:1)
  2 raiju (Lair:5)
  A tarantella (Vaults:2)
  13 blink frogs
  9 snapping turtles
  4 dream sheep (Lair:5)
  12 slime creatures
  A glass eye (shapeshifter) (D:15)
  3 shadows
  A meliai zombie (D:15)
  2 spriggans
  2 wyverns (Lair:3)
  2 ynoxinuls (Lair:5)
  6 yaks
  7 small abominations (Lair:5)
  6 water elementals
  A tyrant leech zombie (Crypt:1)
  3 vampires
  3 golden eyes
  7 wraiths
  A warg (D:9)
  A human (shapeshifter) (D:11)
  4 basilisks
  A redback (Vaults:2)
  A chaos spawn (Lair:5)
  A demonspawn zombie (Crypt:3)
  A naga zombie (Crypt:3)
  5 nagas
  2 acid dragons
  2 water moccasins
  8 laughing skulls
  A swamp drake (Lair:5)
  4 ogres
  9 wolves
  4 kobold brigands
  3 bullfrogs
  A two-headed ogre simulacrum (Crypt:2)
  A raiju zombie (Crypt:2)
  11 killer bees
  4 lava snakes (Snake:2)
  A hound (D:6)
  An orc priest (D:11)
  A sleepcap (D:8)
  Natasha (twice) (D:4)
  4 mummies
  A howler monkey zombie (Crypt:1)
  2 adders (D:2)
  2 ribbon worms (D:2)
  4 orcs
  An endoplasm (D:4)
  3 goblins
  A ball python (D:2)
  A bat (D:3)
  A bombardier beetle zombie (Crypt:2)
  7 kobolds
  A kobold zombie (Ossuary)
  A rat (D:3)
  3 tentacles
617 creatures vanquished.

Vanquished Creatures (others)
  A fire giant (Depths:4)
  A jelly zombie (Slime:5)
  An orc warlord (Vaults:3)
  A draconian annihilator (Zot:1)
  A vampire knight (Depths:2)
  An ettin (Depths:4)
  2 acid blob zombies (Slime:5)
  5 orc high priests
  An occultist (Depths:1)
  A quicksilver ooze zombie (Slime:5)
  41 orc apostles
  A mana viper (Snake:1)
  4 spark wasp zombies (Depths:4)
  A bog body (Crypt:1)
  5 orc knights
  An orc sorcerer (Crypt:2)
  4 draconian zombies (Zot:1)
  A mana viper zombie (Depths:4)
  A guardian serpent (Snake:1)
  A black draconian zombie (Zot:1)
  2 red draconian zombies (Zot:1)
  An iron troll zombie (Depths:4)
  A great orb of eyes zombie (Slime:5)
  A fire dragon zombie (Depths:4)
  7 slime creature zombies
  2 nagas (Snake:1)
  2 human zombies (Crypt:2)
  4 deep troll zombies (Depths:4)
  A black bear (D:4)
  An orc warrior (Lair:5)
  A killer bee (D:9)
  A bombardier beetle (D:4)
  7 orc priests
  An orc wizard (D:11)
  11 orcs
  2 hobgoblins (D:4)
  A jackal (D:4)
  A kobold (D:4)
  2 ball lightnings (Shoals:3)
  7 blazeheart cores
  3 foxfires (Shoals:3)
  24 spectral weapons
  8 tentacles
166 creatures vanquished.

Grand Total: 2212 creatures vanquished

Notes
Turn   | Place    | Note
-------+----------+-------------------------------------------
     0 | D:1      | MrSquiggles the Oni Hedge Wizard began the quest for the
                  | Orb.
     0 | D:1      | Reached XP level 1. HP: 16/16 MP: 5/5
   112 | D:1      | Reached skill level 1 in Conjurations
   112 | D:1      | Reached skill level 1 in Summonings
   313 | D:1      | Reached skill level 1 in Translocations
   383 | D:1      | Reached XP level 2. HP: 26/26 MP: 1/6
   386 | D:1      | Learned a level 2 spell: Blink
   389 | D:1      | Learned a level 2 spell: Call Imp
   449 | D:1      | Learned a level 2 spell: Cigotuvi's Dreadful Rot
   865 | D:1      | Reached skill level 4 in Spellcasting
  1115 | D:1      | Reached skill level 1 in Fighting
  1309 | D:1      | Reached XP level 3. HP: 27/33 MP: 6/8
  1529 | D:2      | HP: 1/33 [ribbon worm (6)]
  1910 | D:2      | Reached XP level 4. HP: 11/41 MP: 0/10
  2298 | D:2      | Found a runed translucent door.
  2299 | D:2      | Noticed Crazy Yiuf
  3245 | D:2      | Reached XP level 5. HP: 31/49 MP: 10/12
  4424 | D:3      | Found a stormy altar of Qazlal.
  4739 | D:4      | Reached skill level 5 in Spellcasting
  4825 | D:4      | Reached skill level 1 in Shapeshifting
  5039 | D:4      | Noticed a black bear
  5041 | D:4      | Found a shimmering altar of Xom.
  5052 | D:4      | Killed a black bear
  5373 | D:4      | Reached XP level 6. HP: 55/59 MP: 9/14
  5443 | D:4      | Found an iron altar of Okawaru.
  6085 | D:4      | Learned a level 3 spell: Mephitic Cloud
  6100 | D:5      | Entered Level 5 of the Dungeon
  6156 | D:4      | Noticed Natasha
  6175 | D:4      | Killed Natasha
  6277 | D:4      | Learned a level 1 spell: Slow
  6324 | D:4      | Noticed Natasha
  6334 | D:4      | Killed Natasha
  6433 | D:4      | Noticed Natasha
  6448 | D:4      | Killed Natasha
  6733 | D:5      | Found a shadowy altar of Dithmenos.
  6824 | D:5      | Reached skill level 1 in Necromancy
  6824 | D:5      | Reached skill level 1 in Air Magic
  6824 | D:5      | Reached XP level 7. HP: 63/67 MP: 8/15
  6899 | D:5      | Noticed Edmund
  6901 | D:5      | Gained mutation: You are weak. (Str -2) [potion of
                  | mutation]
  6901 | D:5      | Gained mutation: You are strong-willed. (Will+) [potion of
                  | mutation]
  6901 | D:5      | Gained mutation: Your spells are a little harder to cast,
                  | but a little more powerful. [potion of mutation]
  7082 | D:5      | Reached skill level 6 in Spellcasting
  7082 | D:5      | Reached skill level 1 in Alchemy
  7193 | D:5      | Noticed Duvessa
  7193 | D:5      | Noticed Dowan
  7236 | D:5      | Killed Duvessa
  7237 | D:5      | Killed Dowan
  7798 | D:5      | Found a snail-covered altar of Cheibriados.
  8066 | D:5      | You fall into a shaft and drop 1 floor!
  8226 | D:6      | Reached XP level 8. HP: 72/78 MP: 13/17
  8453 | D:6      | Found a bloodstained altar of Trog.
  8847 | D:6      | Reached skill level 7 in Spellcasting
  8903 | D:6      | Found a blossoming altar of Fedhas.
  8964 | D:6      | Found a radiant altar of Vehumet.
  8964 | D:6      | Found a broken altar of Ashenzari.
  9199 | D:6      | Reached skill level 5 in Fighting
  9344 | D:7      | Noticed a hornet
  9353 | D:7      | Killed a hornet
  9354 | D:7      | Reached XP level 9. HP: 83/88 MP: 13/20
  9369 | D:7      | Noticed a hornet
  9380 | D:7      | Reached skill level 8 in Spellcasting
  9394 | D:7      | Killed a hornet
  9395 | D:7      | Reached skill level 5 in Shapeshifting
  9588 | D:7      | Found a glowing golden altar of the Shining One.
  9717 | D:7      | Found an opulent altar of Gozag.
  9717 | D:7      | Found an ornate altar of the Wu Jian Council.
  9812 | D:7      | Found a sand-covered staircase.
  9821 | Ossuary  | Entered an ossuary
 10358 | D:7      | Noticed Joseph
 10386 | D:7      | Killed Joseph
 10510 | D:7      | Found a staircase to the Ecumenical Temple.
 10520 | Temple   | Entered the Ecumenical Temple
 10527 | D:7      | Learned a level 2 spell: Mercury Vapours
 10953 | D:8      | Noticed a two-headed ogre
 10964 | D:8      | Killed a two-headed ogre
 10965 | D:8      | Reached skill level 9 in Spellcasting
 10965 | D:8      | Reached XP level 10. HP: 45/100 MP: 10/23
 11403 | D:8      | Noticed a two-headed ogre
 11430 | D:8      | Killed a two-headed ogre
 11644 | D:8      | Identified the +3 leather armour of Untold Secrets {*Slow
                  | +Inv rN++ Str-2}
 11972 | D:9      | Reached skill level 10 in Spellcasting
 12000 | D:8      | Became a worshipper of Beogh the Shepherd
 13001 | D:9      | Reached skill level 11 in Spellcasting
 13063 | D:9      | Found a staircase to the Orcish Mines.
 13146 | D:9      | Reached XP level 11. HP: 58/115 MP: 19/26
 13366 | D:9      | Found a staircase to the Lair.
 13803 | D:9      | Noticed a two-headed ogre
 13819 | D:9      | Killed a two-headed ogre
 13819 | D:9      | Reached * piety under Beogh
 13820 | D:9      | Reached skill level 12 in Spellcasting
 14346 | D:10     | Entered Level 10 of the Dungeon
 14976 | D:10     | Found a glowing silver altar of Zin.
 15020 | D:10     | Found a sacrificial altar of Ru.
 15040 | D:10     | Found a shimmering blue altar of Sif Muna.
 15361 | D:10     | Found a hide-covered altar of Uskayaw.
 15369 | D:10     | Noticed a two-headed ogre
 15379 | D:10     | Killed a two-headed ogre
 15387 | D:10     | Reached skill level 10 in Fighting
 15635 | D:10     | Found Siogise's Mayhem Merchandise.
 15773 | Lair:1   | Entered Level 1 of the Lair of Beasts
 15842 | Lair:1   | Reached ** piety under Beogh
 15998 | Lair:1   | Noticed a manticore
 16011 | Lair:1   | Reached skill level 13 in Spellcasting
 16025 | Lair:1   | Reached skill level 1 in Invocations
 16244 | Lair:1   | Reached skill level 5 in Summonings
 16266 | Lair:1   | Reached XP level 12. HP: 105/128 MP: 13/29
 16801 | Lair:1   | Learned a level 3 spell: Frozen Ramparts
 17370 | Lair:1   | Reached skill level 14 in Spellcasting
 17370 | Lair:1   | Reached skill level 1 in Ice Magic
 17733 | Lair:2   | Noticed a five-headed hydra
 17739 | Lair:1   | Learned a level 1 spell: Apportation
 17945 | Lair:2   | Killed a five-headed hydra
 18883 | Lair:2   | Reached skill level 5 in Invocations
 19210 | Lair:2   | Reached XP level 13. HP: 89/140 MP: 26/31
 19222 | Lair:2   | Reached *** piety under Beogh
 19223 | Lair:2   | Reached skill level 15 in Spellcasting
 19258 | Lair:2   | Anointed Orkrul the wizard as your apostle
 20332 | Lair:2   | Was placed under penance by Beogh
 20663 | Lair:3   | Found a staircase to the Snake Pit.
 21936 | Lair:2   | Was forgiven by Beogh
 21942 | Lair:2   | Reached skill level 16 in Spellcasting
 23329 | Lair:3   | Identified the +0 robe of Ashenzari's Esteem {rElec rPois
                  | Dex-5}
 23345 | Lair:3   | Anointed Wargath the wizard as your apostle
 23592 | Lair:3   | Identified the +1 war axe of Ipse Dixit {chaos, rPois}
 23603 | Lair:3   | Identified the +2 war axe of the Immovable Suns {flame,
                  | rElec Int+3}
 23628 | Lair:3   | Reached skill level 17 in Spellcasting
 23953 | Lair:3   | Found a staircase to the Shoals.
 24091 | Lair:3   | Reached XP level 14. HP: 41/157 MP: 25/35
 24347 | Lair:3   | Reached **** piety under Beogh
 24705 | Lair:3   | Your ally Wargath died
 25329 | Lair:4   | Found a staircase to the Slime Pits.
 25329 | Lair:4   | Found a viscous altar of Jiyva.
 25515 | Lair:4   | Identified the +5 dagger "Zikoun" {venom, Fly rElec Int+4
                  | Stlth-}
 25523 | Lair:4   | Reached skill level 1 in Short Blades
 25537 | Lair:4   | Anointed Marbaugh the wizard as your apostle
 26520 | Lair:5   | Entered Level 5 of the Lair of Beasts
 26529 | Lair:5   | Reached skill level 18 in Spellcasting
 26539 | Lair:5   | Reached skill level 15 in Fighting
 26541 | Lair:5   | Your ally Marbaugh died
 26630 | Lair:5   | Noticed Sonja
 26631 | Lair:5   | Sonja changed into Sonja the swamp drake
 26631 | Lair:5   | Noticed Sonja
 26635 | Lair:5   | Killed Sonja the swamp drake
 28293 | Lair:5   | Your ally Wargath died
 28299 | Lair:5   | Reached XP level 15. HP: 134/167 MP: 27/37
 28390 | Lair:5   | Reached ***** piety under Beogh
 28610 | Lair:5   | Your ally Marbaugh died
 28651 | Lair:5   | Reached skill level 19 in Spellcasting
 28950 | Lair:5   | Found a corrupted altar of Lugonu.
 28950 | Lair:5   | Found a one-way gate to the infinite horrors of the Abyss.
 29453 | D:11     | Identified the +10 dagger of Annihilation {freeze, rN+
                  | Str+3 Int+3 Stlth+}
 29453 | D:11     | Identified the +1 robe "Rimio" {SInv}
 29471 | D:11     | Anointed Argrim the wizard as your apostle
 30129 | D:11     | Your ally Argrim died
 30514 | D:11     | Your ally Wargath died
 31515 | D:12     | Reached skill level 10 in Shapeshifting
 31961 | D:13     | Your ally Marbaugh died
 32186 | D:13     | Your ally Argrim died
 32204 | D:13     | Found a gate to the Vaults.
 32399 | D:13     | Your ally Wargath died
 32433 | D:13     | Noticed Snorg
 32463 | D:13     | Killed Snorg
 32621 | D:13     | Found a blossoming altar of Fedhas.
 32647 | D:13     | Noticed Josephine
 32658 | D:13     | Noticed Rupert
 32664 | D:13     | Killed Josephine
 32679 | D:13     | Killed Rupert
 33005 | D:13     | Found Macuku's Armour Shop.
 33449 | D:13     | Noticed Erolcha
 33876 | D:12     | Learned a level 3 spell: Stone Arrow
 34717 | D:13     | Reached XP level 16. HP: 165/179 MP: 23/39
 36113 | D:13     | Killed Erolcha
 37059 | D:14     | Found the +9 staff of Olgreb {rPois∞}
 37064 | D:14     | Found a runed translucent gate.
 37064 | D:14     | Found a runed translucent gate.
 37064 | D:14     | Noticed Todem's ghost (journeyman HOFi)
 37065 | D:14     | Found a runed translucent gate.
 37104 | D:14     | Noticed Frances
 37308 | D:14     | Noticed Lodul
 37350 | D:14     | Learned a level 3 spell: Call Canine Familiar
 37364 | D:13     | Learned a level 4 spell: Animate Armour
 38286 | D:14     | Learned a level 4 spell: Summon Blazeheart Golem
 38657 | D:14     | Found a radiant altar of Vehumet.
 38707 | D:14     | Killed Frances
 38773 | D:14     | Noticed Jorgrun
 38829 | D:14     | Killed Jorgrun
 39077 | D:15     | Entered Level 15 of the Dungeon
 39182 | D:15     | Anointed Orgrim the warrior as your apostle
 39230 | D:15     | Found Fofuth's Tiny Tomes.
 39248 | D:15     | Bought the Book of Production for 140 gold pieces
 39253 | D:15     | Learned a level 4 spell: Martyr's Knell
 39421 | D:15     | Your ally Orgrim died
 39472 | D:15     | Found a staircase to the Depths.
 39707 | D:15     | Your ally Argrim died
 39865 | D:15     | Found a runed translucent gate.
 39865 | D:15     | Found a runed translucent gate.
 39866 | D:15     | Noticed Cophusiv's ghost (journeyman DsGl)
 39867 | D:15     | Found a runed translucent gate.
 39869 | D:15     | Found a basalt altar of Yredelemnul.
 40448 | Lair:1   | Learned a level 4 spell: Manifold Assault
 40509 | Snake:1  | Entered Level 1 of the Snake Pit
 40538 | Snake:1  | Found Duqiaps's One-of-a-Kind Rings.
 40553 | Snake:1  | Bought a +8 ring of evasion for 936 gold pieces
 40644 | Snake:1  | Reached skill level 1 in Maces & Flails
 41361 | Snake:1  | Your ally Marbaugh died
 41365 | Snake:1  | Your ally Argrim died
 41368 | Snake:1  | Your ally Orgrim died
 41640 | Snake:1  | Reached XP level 17. HP: 120/187 MP: 6/40
 41791 | Snake:1  | Reached skill level 15 in Shapeshifting
 42127 | Snake:1  | Learned a level 3 spell: Fugue of the Fallen
 42185 | Snake:2  | Noticed Azrael
 42199 | Snake:2  | Killed Azrael
 42210 | Snake:2  | Reached skill level 5 in Translocations
 42223 | Snake:2  | Reached skill level 5 in Maces & Flails
 42487 | Snake:2  | Noticed Asterion
 42505 | Snake:2  | Killed Asterion
 43444 | Snake:2  | Your ally Argrim died
 43829 | Snake:2  | Your ally Orgrim died
 43859 | Snake:2  | Your ally Marbaugh died
 43866 | Snake:2  | Anointed Nordag the warrior as your apostle
 44182 | Snake:2  | Upgraded the game from 0.32-a0-612-g1c984fe9d1 to
                  | 0.32-a0-616-g9348d4545b
 44260 | Snake:3  | Your ally Nordag died
 45807 | Snake:3  | Found Xykhladd's Distillery.
 45809 | Snake:3  | Found Qoschopano's Antique Armour Shoppe.
 45809 | Snake:3  | Found Opre Ethoith's Weapon Shoppe.
 45812 | Snake:3  | Found Ihiod's Magic Scroll Shoppe.
 46055 | Snake:3  | Bought a scroll of enchant weapon for 127 gold pieces
 46333 | Snake:3  | Reached XP level 18. HP: 196/196 MP: 27/41
 46783 | Snake:4  | Entered Level 4 of the Snake Pit
 46856 | Snake:4  | Learned a level 2 spell: Lesser Beckoning
 47014 | Snake:4  | Reached ****** piety under Beogh
 47360 | Snake:4  | Your ally Nordag died
 47360 | Snake:4  | Your ally Argrim died
 47365 | Snake:4  | Reached skill level 10 in Maces & Flails
 47619 | Snake:4  | Your ally Orgrim died
 47808 | Snake:4  | Learned a level 5 spell: Freezing Cloud
 48562 | Snake:4  | Got a serpentine rune of Zot
 48916 | Snake:3  | Anointed Orkidu the wizard as your apostle
 49045 | Shoals:1 | Entered Level 1 of the Shoals
 49175 | Shoals:1 | Noticed Nikola
 49182 | Shoals:1 | Your ally Orkidu died
 49185 | Shoals:1 | Killed Nikola
 50105 | Shoals:2 | Found a stormy altar of Qazlal.
 50160 | Shoals:2 | Reached XP level 19. HP: 204/204 MP: 34/42
 50177 | Shoals:2 | Reached skill level 5 in Conjurations
 50178 | Shoals:2 | Reached skill level 5 in Ice Magic
 50434 | Shoals:2 | Reached skill level 5 in Air Magic
 50987 | Shoals:3 | Found Atecahe's Armour Emporium.
 51376 | Shoals:3 | Found a transporter.
 51377 | Shoals:3 | Noticed Xacloem's ghost (adept OnFE)
 51390 | Shoals:3 | Found a transporter.
 51844 | Shoals:3 | Your ally Orgrim died
 51847 | Shoals:3 | Your ally Orkidu died
 52338 | Shoals:3 | Found a transporter.
 52395 | Shoals:3 | Found Atecahe's Armour Emporium.
 52687 | Shoals:4 | Entered Level 4 of the Shoals
 53084 | Shoals:3 | Anointed Orik the warrior as your apostle
 53786 | Shoals:4 | Got the Vellum of the Hypothermic Quarry {!*}
 53827 | Shoals:4 | Got a barnacled rune of Zot
 54508 | Vaults:1 | Entered Level 1 of the Vaults
 54527 | Vaults:1 | Reached skill level 15 in Maces & Flails
 54608 | Vaults:1 | Learned a level 3 spell: Ozocubu's Armour
 55189 | Vaults:1 | Reached XP level 20. HP: 213/213 MP: 33/43
 55355 | Vaults:1 | Identified the orb of the Furrier {mayhem, Int+5}
 55495 | Vaults:1 | Noticed Zenata
 55508 | Vaults:1 | Killed Zenata
 56970 | Vaults:2 | Identified the staff of Crawling {Str-3 Int+5 Conj}
 57107 | Vaults:2 | Found a portal to a secret trove of treasure.
 57134 | Vaults:2 | Reached skill level 20 in Spellcasting
 57389 | Vaults:2 | Your ally Orkidu died
 57545 | Vaults:2 | Identified the +1 war axe of the Trees {heavy, *Noise rElec
                  | Int+2}
 57549 | Vaults:2 | Your ally Nordag died
 57557 | Vaults:2 | Your ally Orik died
 57568 | Vaults:2 | Anointed Orgrim the priest as your apostle
 58259 | Vaults:3 | Your ally Orgrim died
 58505 | Vaults:3 | Reached skill level 21 in Spellcasting
 58540 | Vaults:3 | Found a staircase to the Crypt.
 58574 | Vaults:3 | Reached XP level 21. HP: 192/228 MP: 46/46
 59797 | Vaults:4 | Noticed Donald
 59810 | Vaults:4 | Killed Donald
 60342 | Vaults:4 | Reached skill level 22 in Spellcasting
 60621 | Vaults:4 | Anointed Alork the warrior as your apostle
 60826 | Vaults:4 | Noticed a golden dragon
 60836 | Vaults:4 | Killed a golden dragon
 61659 | Depths:1 | Entered Level 1 of the Depths
 61670 | Depths:1 | Reached XP level 22. HP: 243/243 MP: 20/48
 61682 | Depths:1 | Your ally Orgrim died
 61994 | Vaults:2 | You paid a toll of +5 fire dragon scales to enter a
                  | treasure trove
 61995 | Trove    | Entered a treasure trove
 62010 | Trove    | Identified the ring of Xebloyj {Int+2 Dex+3 Slay+4}
 62013 | Trove    | Identified the +1 robe "Gicumol" {Rampage +Blink Str+2
                  | Dex+3}
 62020 | Trove    | Identified the +1 robe of a Labyrinth {rC+ rN+}
 62023 | Trove    | Identified the orb of Vehumet's Benevolence {mayhem, rPois
                  | rCorr}
 62611 | Depths:1 | Your ally Orik died
 62753 | Depths:1 | Found a gateway to Hell.
 62971 | Depths:1 | Found an ornate altar of the Wu Jian Council.
 63041 | Depths:1 | Found a broken altar of Ashenzari.
 63064 | Depths:1 | Noticed a juggernaut
 63074 | Depths:1 | Killed a juggernaut
 63378 | Depths:1 | Found a one-way gate leading to the halls of Pandemonium.
 63407 | Depths:2 | Reached skill level 23 in Spellcasting
 64086 | Depths:2 | Your ally Orgrim died
 64120 | Depths:2 | Your ally Alork died
 64739 | Depths:2 | Found a corrupted altar of Lugonu.
 65256 | Depths:2 | Reached XP level 23. HP: 254/254 MP: 50/50
 65539 | Depths:3 | Found a white marble altar of Elyvilon.
 65578 | Depths:3 | Your ally Orik died
 65583 | Depths:3 | Your ally Orgrim died
 65584 | Depths:3 | Your ally Alork died
 65949 | Depths:2 | Reached skill level 24 in Spellcasting
 66120 | Depths:3 | Identified the +0 plate armour of Gipsav {Will+ Str-5 Int-5
                  | Dex+9}
 67944 | Depths:3 | Noticed a juggernaut
 68230 | Depths:3 | Killed a juggernaut
 68847 | Depths:3 | Learned a level 4 spell: Animate Dead
 68851 | Depths:3 | Learned a level 3 spell: Swiftness
 68871 | Depths:4 | Entered Level 4 of the Depths
 69224 | Depths:4 | Found a one-way gateway to a ziggurat.
 69657 | Depths:4 | Reached skill level 25 in Spellcasting
 69715 | Depths:4 | Found a gate to the Realm of Zot.
 69716 | Depths:4 | Noticed a golden dragon
 69722 | Depths:4 | Killed a golden dragon
 69723 | Depths:4 | Reached XP level 24. HP: 270/270 MP: 22/52
 70443 | D:2      | Killed Crazy Yiuf
 70663 | D:5      | Killed Edmund
 70985 | D:14     | Killed Todem's ghost
 71207 | D:14     | Killed Lodul
 71323 | D:15     | Killed Cophusiv's ghost
 71594 | Slime:1  | Entered Level 1 of the Pits of Slime
 71930 | Slime:3  | Anointed Thorok the priest as your apostle
 72411 | Slime:5  | Entered Level 5 of the Pits of Slime
 72571 | Slime:5  | Noticed the Royal Jelly
 72587 | Slime:5  | Killed the Royal Jelly
 72591 | Slime:5  | Your ally the Royal Jelly died
 72599 | Slime:5  | Gained mutation: Your body sometimes deteriorates upon
                  | taking damage. [a shining eye]
 72631 | Slime:5  | Your ally Orik died
 72697 | Slime:5  | Your ally Orgrim died
 72933 | Slime:5  | Found the +16 obsidian axe {drain, demonic, Mesm ^Drain Fly
                  | SInv}
 72982 | Slime:5  | Got the Tractate on Transposition {!*}
 73018 | Slime:5  | Identified the +6 falchion of Liampoer {protect, Fly rCorr}
 73020 | Slime:5  | Got the Tractate on the Wendigo {!*}
 73074 | Slime:5  | Got a slimy rune of Zot
 73089 | Slime:5  | Identified the +6 scale mail of Inankudu {rF++ rN+ rCorr
                  | Dex-3}
 73111 | Slime:5  | Identified the ring "Emiamio" {^Contam rPois rN+ MP+9
                  | Dex+5}
 73749 | Crypt:1  | Entered Level 1 of the Crypt
 74230 | Crypt:1  | Found a basalt altar of Yredelemnul.
 74463 | Crypt:1  | Reached skill level 10 in Translocations
 74655 | Crypt:2  | Reached skill level 26 in Spellcasting
 74657 | Crypt:2  | Noticed Margery
 74661 | Crypt:2  | Your ally Orgrim died
 74661 | Crypt:2  | Your ally Orik died
 74670 | Crypt:2  | Killed Margery
 75147 | Crypt:2  | Reached XP level 25. HP: 282/282 MP: 53/53
 75162 | Crypt:2  | Noticed Saint Roka
 75171 | Crypt:2  | Your ally Thorok died
 75210 | Crypt:2  | Killed Saint Roka
 75310 | Crypt:2  | Anointed Bogwald the warrior as your apostle
 75843 | Crypt:3  | Entered Level 3 of the Crypt
 76273 | Crypt:3  | Identified the +8 chain mail "Xecur" {rElec rC++ Dex+4}
 76274 | Crypt:3  | Identified the +6 sling "Nikorid" {freeze, +Blink rN+
                  | Str+3}
 76284 | Crypt:3  | Learned a level 5 spell: Summon Mana Viper
 76587 | Crypt:3  | Reached skill level 1 in Hexes
 76723 | Crypt:3  | Found a staircase to the Tomb.
 76723 | Crypt:3  | Noticed an ancient lich
 76743 | Crypt:3  | Killed an ancient lich
 76879 | Crypt:3  | Found an ancient bone altar of Kikubaaqudgha.
 76881 | Crypt:3  | Noticed an ancient lich
 76888 | Crypt:3  | Killed an ancient lich
 76900 | Crypt:3  | Found the +8 demon blade "Leech" {evervamp, Harm ^Drain
                  | rN+}
 76906 | Crypt:3  | Identified the +1 flail of Nuuloola {elec, Fly rPois rC+
                  | Will+ Str-5}
 76917 | Crypt:3  | Noticed an ancient lich
 76924 | Crypt:3  | Killed an ancient lich
 78670 | Shoals:3 | Your ally Orgrim died
 78671 | Shoals:3 | Killed Xacloem's ghost
 78676 | Shoals:3 | Found a transporter.
 78676 | Shoals:3 | Identified the ring of Fumacroe {rPois rN+ Int-2 Stlth+}
 78961 | Snake:3  | Bought a scroll of teleportation for 51 gold pieces
 78961 | Snake:3  | Bought a scroll of teleportation for 51 gold pieces
 78967 | Snake:3  | Bought a potion of enlightenment for 75 gold pieces
 78967 | Snake:3  | Bought a potion of curing for 45 gold pieces
 78967 | Snake:3  | Bought a potion of berserk rage for 75 gold pieces
 78967 | Snake:3  | Bought a potion of curing for 45 gold pieces
 78967 | Snake:3  | Bought a potion of invisibility for 120 gold pieces
 78967 | Snake:3  | Bought a potion of might for 60 gold pieces
 78982 | Snake:3  | Learned a level 4 spell: Anguish
 79504 | Zot:1    | Entered Level 1 of the Realm of Zot
 79717 | Zot:1    | Your ally Thorok died
 79718 | Zot:1    | Your ally Bogwald died
 79721 | Zot:1    | HP: 13/369 [red draconian/+2 glaive of venom (20)]
 79770 | Zot:1    | Reached skill level 27 in Spellcasting
 79887 | Zot:1    | HP: 12/373 [something (22)]
 79888 | Zot:1    | Killed from afar by a red draconian knight

Illustrated notes

Levels and vault maps discovered:
D:1:      dpeg_arrival_solitude, layout_loops_ring
D:2:      layout_basic, amcnicky_mini_rare_corridor_liquid, minmay_pentomino_x4,
          uniq_crazy_yiuf_cottage
D:3:      cheibrodos_greedy_goblins, layout_rooms,
          nicolae_qazlal_eye_of_the_storm
D:4:      layout_loops_cross, okawaru_gym_becter, xom_confusion_cloud,
          uniq_natasha
D:5:      layout_layer_cave, kennysheep_slug_shrine, kennysheep_mini_moat,
          nicolae_figureground_pulse, uniq_duvessa, uniq_edmund
D:6:      layout_loops_ring, nicolae_overflow_crystal_walls,
          mainiacjoe_overflow_alcove_4, gammafunk_temple_overflow_wave,
          kennysheep_path_1
D:7:      layout_basic, mainiacjoe_overflow_tiny_flanked,
          nicolae_overflow_two_pavilions, minmay_temple_entry_glass,
          nicolae_ossuary_entry_monument, kennysheep_generic_room_8, uniq_joseph
D:8:      layout_loops_ring
D:9:      layout_roguey, dpeg_oklobed_lair, david_orc_1_choice
D:10:     layout_rooms, zin_scriptorium, overflow_temple_1_default,
          lemuel_round_altar, mainiacjoe_overflow_surrounded_room,
          minmay_shop_mayhem, abandoned_shop, due_unseen_surprise
D:11:     kennysheep_windowed_halls, layout_loops_corners,
          minmay_misc_feat_diagonals
D:12:     layout_loops_cross
D:13:     layout_loops_ring, hangedman_vaults_entry_quadrant_bands,
          serial_shops, nicolae_shop_mannequins, fedhas_altar_3, uniq_josephine,
          uniq_erolcha, uniq_rupert, uniq_snorg
D:14:     layout_gridville, gammafunk_ghost_split, minmay_misc_feat_enclosed,
          fiery_altar_vehumet, uniq_jorgrun, uniq_lodul, uniq_frances
D:15:     kennysheep_seaside_town, layout_rooms, minmay_misc_feat_four_crosses,
          nicolae_shop_i_like_small_books_too, nicolae_yredelemnul_ghost_church
Temple:   hellmonk_temple_beads
Lair:1:   layout_regular_city, pdpol_lair_cavern_descent
Lair:2:   layout_cave_pods, st_stairs_9, kilobyte_rumbling_trees
Lair:3:   regret_index_tunnel_blossom, layout_regular_city,
          minmay_shoals_entry_lonely_mermaid, guppyfry_snake_entry_garden
Lair:4:   layout_cave_shapes, slime_entry_1, chequers_serial_rivers_micro_e
Lair:5:   hellmonk_lair_end_abyssal_woods, layout_regular_city,
          grunt_megastairs_3, uniq_sonja
Shoals:1: layout_shoals, uniq_nikola
Shoals:2: layout_shoals, lemuel_oklob_altar, nicolae_shoals_former_cling_halls
Shoals:3: layout_shoals, gammafunk_ghost_berserking_beasts, serial_shops,
          nicolae_shop_hallway_stairs, nicolae_shoals_beach_house_on_fowls_legs
Shoals:4: shoals_end_grunt_garden, layout_shoals
Snake:1:  layout_misc_corridors, nicolae_shop_unique_rings,
          nrook_guardian_serpent_ordinary, grunt_megastairs_2
Snake:2:  layout_basic, nicolae_snake_gridmaze_spiral, uniq_asterion,
          uniq_azrael
Snake:3:  layout_basic, minmay_shop_grid_forest,
          nicolae_snake_the_dead_are_slithering, serial_bayou_shore_a
Snake:4:  grunt_snake_rune_pools, layout_cave_town
Slime:1:  layout_caves
Slime:2:  layout_caves
Slime:3:  nicolae_slime_pool, layout_caves
Slime:4:  layout_caves
Slime:5:  slime_pit_nicolae_block_by_block
Vaults:1: v_misc_10, v_pattern_1, hangedman_vaults_capsules,
          hangedman_vaults_stagger, nicolae_vaults_house_3,
          vaults_room_door_hall, nicolae_vaults_ring_of_whatevers,
          vaults_dpeg_encased_lava, layout_vaults_omnigrid, uniq_zenata
Vaults:2: nicolae_vaults_shrinking_rooms_2, nicolae_vaults_weapon_check,
          st_more_cells, vaults_room_fours, nicolae_vaults_closet_pinwheel_4,
          nicolae_vaults_sesquioval_fish, nicolae_vaults_little_squares_2,
          v_misc_18, nicolae_vaults_double_plus_3, layout_vaults_big_room,
          enter_trove_1
Vaults:3: v_misc_12, nicolae_vaults_offset_grid_hallway_3,
          minmay_crypt_entry_simple_plaza, hangedman_vaults_maws, v_pattern_2,
          vaults_mumra_minichess, nicolae_vaults_little_squares_6,
          nicolae_vaults_network_square, hangedman_vaults_river_flow,
          nicolae_vaults_little_squares_2, ontoclasm_vaults_shuriken,
          layout_vaults_maze_snakey
Vaults:4: grunt_vaults_hallway_short, vaults_mumra_minichess_inversion,
          v_misc_16, v_misc_1, v_misc_4, v_rooms_6, ontoclasm_vaults_ligature,
          hangedman_vaults_trim, nicolae_vaults_doubleplus_tesselated,
          nicolae_vaults_tetromino_T_2, vaults_room_pool,
          nicolae_vaults_enemy_cabinets, nicolae_vaults_tetromino_T_1,
          layout_vaults_ring, uniq_donald
Crypt:1:  layout_regular_city, basic_altar
Crypt:2:  layout_misc_corridors, uniq_saint_roka, uniq_margery
Crypt:3:  quadcrypt_mu
Depths:1: layout_long_grid, nicolae_abyss_entry_one_way_or_another,
          grunt_pan_entry_zigzag, hell_entry, evilmike_ruin_ashenzari,
          kennysheep_cluttered_room, minmay_liquid_box, drop_trap,
          minmay_misc_feat_x, minmay_misc_feat_roman, nzn_wu_jian_council_hall
Depths:2: kennysheep_snake, layout_gridville, grunt_pan_entry_spiral,
          hangedman_abyss_or_decor_stagger, pf_hell_entry_tar_river,
          abyss_entry_flame_altar, reono_crystal_passage
Depths:3: minmay_the_grid_octo_tiled_squarecenter_mashed
          [minmay_the_grid_octo_checkerflower, minmay_the_grid_octo_toaster,
          minmay_the_grid_octo_vomiting_pacman, minmay_the_grid_octo_horde,
          minmay_the_grid_square_5x5_megaprize_diamond,
          minmay_the_grid_square_5x5_tri_point,
          minmay_the_grid_square_5x5_intrusive_squares,
          minmay_the_grid_square_5x5_slash, minmay_the_grid_square_5x5_n],
          layout_long_grid, abyss_entry_small_statue_room, pf_coc_iceberg,
          chequers_serial_rivers_micro_d, elyvilon_altar_3
Depths:4: grunt_zot_entry_funnels, layout_cave_pools, enter_ziggurat_f,
          solitary_fountain, hell_entry, minmay_room_of_horrors,
          grunt_ministairs_10, st_stairs_10
Zot:1:    regret_index_infernal_bastille, layout_misc_corridors

Skill      XL: |  1  2  3  4  5  6  7  8  9 10 11 12 13 14 15 16 17 18 19 20 21 22 23 24 25 |
---------------+----------------------------------------------------------------------------+-----
Conjurations   | 1 2 3 4 5 |  5.0
Summonings     | 1 2 4 5 6 |  6.0
Translocations | 1 2 4 7 9 10 11 | 11.2
Spellcasting   | 4 5 6 7 9 11 13 14 17 18 19 21 22 23 25 26 27 | 27.0
Fighting       | 1 2 3 5 6 9 10 12 14 15 17 19 20 21 22 23 | 23.0
Shapeshifting  | 1 2 3 4 6 7 12 14 16 17 18 | 18.9
Necromancy     | 1 2 |  2.0
Air Magic      | 1 2 4 5 |  5.0
Alchemy        | 1 2 |  2.5
Dodging        | 3 4 |  4.0
Invocations    | 2 5 6 7 8 |  8.1
Ice Magic      | 3 4 5 |  5.0
Short Blades   | 3 |  3.0
Stealth        | 3 |  3.0
Maces & Flails | 4 8 11 16 17 18 19 20 | 20.0
Hexes          | 3 |  3.0
Armour         | |  0.3

Action                     |  1- 3 |  4- 6 |  7- 9 | 10-12 | 13-15 | 16-18 | 19-21 | 22-24 | 25-27 || total
---------------------------+-------+-------+-------+-------+-------+-------+-------+-------+-------++-------
  Melee: Dagger            |    99 |   128 |   195 |   583 |   693 |   228 |       |       |       ||  1926
         Headbutt          |    17 |    26 |    44 |   169 |   218 |   173 |   208 |   260 |    78 ||  1193
         Spear             |       |    32 |     7 |       |       |       |       |       |       ||    39
         Trident           |       |       |       |     6 |       |       |       |       |       ||     6
         Dire flail        |       |       |       |       |       |   142 |       |       |       ||   142
         Long sword        |       |       |       |       |       |     5 |       |       |       ||     5
         Morningstar       |       |       |       |       |       |   624 |   422 |    14 |       ||  1060
         Great mace        |       |       |       |       |       |       |   538 |  1435 |   450 ||  2423
  Throw: Dart              |       |     2 |       |       |     6 |       |       |       |       ||     8
         Javelin           |       |       |       |       |     2 |       |       |       |       ||     2
   Cast: Magic Dart        |    88 |   210 |    78 |   162 |   261 |   126 |    43 |     8 |       ||   976
         Call Imp          |     4 |    31 |    24 |    59 |    56 |    36 |     5 |     1 |       ||   216
         Blink             |     1 |       |       |     2 |     6 |       |       |     6 |       ||    15
         Mephitic Cloud    |       |       |     8 |    39 |    63 |    24 |     8 |     3 |     5 ||   150
         Slow              |       |       |     3 |     2 |       |       |       |       |       ||     5
         Cigotuvi's Dreadf |       |       |     2 |     3 |       |       |       |       |       ||     5
         Mercury Vapours   |       |       |       |    24 |    38 |    19 |     3 |       |     1 ||    85
         Frozen Ramparts   |       |       |       |    19 |   113 |   164 |    52 |    39 |     7 ||   394
         Apportation       |       |       |       |     1 |       |     2 |       |       |       ||     3
         Stone Arrow       |       |       |       |       |    19 |    48 |       |       |       ||    67
         Manifold Assault  |       |       |       |       |       |   170 |   145 |   253 |    73 ||   641
         Summon Blazeheart |       |       |       |       |       |    12 |       |     2 |       ||    14
         Call Canine Famil |       |       |       |       |       |    11 |     8 |     7 |     2 ||    28
         Martyr's Knell    |       |       |       |       |       |     5 |    16 |     9 |     1 ||    31
         Animate Armour    |       |       |       |       |       |     1 |       |       |       ||     1
         Fugue of the Fall |       |       |       |       |       |    10 |    45 |    26 |     7 ||    88
         Lesser Beckoning  |       |       |       |       |       |     6 |    21 |     2 |     2 ||    31
         Freezing Cloud    |       |       |       |       |       |     1 |     5 |       |     3 ||     9
         Ozocubu's Armour  |       |       |       |       |       |       |    19 |    30 |    11 ||    60
         Animate Dead      |       |       |       |       |       |       |       |    11 |     6 ||    17
         Summon Mana Viper |       |       |       |       |       |       |       |       |     4 ||     4
 Invoke: Convert to Beogh  |       |       |       |     1 |       |       |       |       |       ||     1
         Recall Apostles   |       |       |       |       |    10 |     4 |    11 |    12 |     3 ||    40
         Smiting           |       |       |       |       |     8 |     7 |       |       |     2 ||    17
         Recruit Apostle   |       |       |       |       |     4 |     3 |     3 |     1 |     1 ||    12
         Blood for Blood   |       |       |       |       |     2 |     4 |     1 |     4 |       ||    11
         Dismiss Apostle   |       |       |       |       |     1 |     3 |     3 |     1 |     1 ||     9
Ability: Begin Untransform |       |       |       |       |       |     4 |       |       |       ||     4
  Evoke: Wand              |       |       |     4 |     2 |     9 |     2 |     1 |     4 |     6 ||    28
         Phantom mirror    |       |       |       |       |     3 |       |     1 |     2 |     1 ||     7
         Condenser vane    |       |       |       |       |     1 |     1 |     3 |     2 |     1 ||     8
         Lightning rod     |       |       |       |       |       |       |     4 |       |       ||     4
    Use: Potion            |     2 |     1 |     3 |     3 |     7 |     6 |     3 |    13 |    17 ||    55
         Scroll            |       |    10 |     4 |     6 |    13 |    16 |     1 |    14 |    12 ||    76
   Stab: Distracted        |       |     2 |     1 |     1 |     6 |     6 |     7 |    16 |     2 ||    41
         Confused          |       |       |     6 |    15 |    11 |     5 |     3 |       |       ||    40
         Paralysed         |       |       |     2 |       |       |       |       |       |       ||     2
         Sleeping          |       |       |       |     1 |       |       |     2 |     2 |       ||     5
 Armour: Robe              |    85 |   133 |   157 |   104 |       |       |       |       |       ||   479
         Steam dragon scal |       |       |       |   430 |   592 |       |       |       |       ||  1022
         Acid dragon scale |       |       |       |       |   214 |    43 |       |       |       ||   257
         Skin              |       |       |       |       |       |  1232 |   750 |  1202 |   450 ||  3634
  Dodge: Dodged            |    58 |    99 |    94 |   338 |   571 |  1381 |  1185 |  1472 |   447 ||  5645
   Form: Beast             |       |     1 |       |       |       |       |       |       |       ||     1
         Statue            |       |       |       |       |       |     5 |       |       |       ||     5

Table legend: (Time is in decaauts)
 A = Elapsed time spent in this place.
 B = Non-inter-level travel time spent in this place.
 C = Inter-level travel time spent in this place.
 D = Time resting spent in this place.
 E = Time spent auto-exploring this place.
 F = Levels seen in this place.
 G = Mean time per level.
                   A        B        C        D        E       F      G
               +--------+--------+--------+--------+--------+-----+--------+
         Total | 101070 |  88797 |  12273 |  20507 |  41900 |  48 | 2105.6 |
       Dungeon |  31842 |  26332 |   5510 |   5826 |  14473 |  15 | 2122.8 |
        Temple |      1 |      1 |      0 |      0 |      0 |   1 |    1.0 |
          Lair |  15162 |  12857 |   2305 |   4159 |   5572 |   5 | 3032.4 |
        Shoals |   8143 |   7742 |    401 |   1483 |   3780 |   4 | 2035.8 |
     Snake Pit |  13108 |  12275 |    833 |   3249 |   5124 |   4 | 3277.0 |
    Slime Pits |   2663 |   2607 |     56 |   1471 |      0 |   5 |  532.6 |
        Vaults |  11209 |  10084 |   1125 |    688 |   6814 |   4 | 2802.2 |
         Crypt |   5883 |   5494 |    389 |    872 |   2038 |   3 | 1961.0 |
        Depths |  12200 |  10548 |   1652 |   2469 |   3943 |   4 | 3050.0 |
           Zot |    307 |    307 |      0 |     99 |      0 |   1 |  307.0 |
         Trove |     70 |     70 |      0 |      0 |      0 |   1 |   70.0 |
       Ossuary |    477 |    477 |      0 |    188 |    154 |   1 |  477.0 |
               +--------+--------+--------+--------+--------+-----+--------+

Top non-repeatable levels by time:
  Lair:2: 5255 daAuts
Depths:2: 4319 daAuts
    D:13: 3790 daAuts
 Snake:3: 3575 daAuts
Shoals:3: 3525 daAuts
Depths:3: 3470 daAuts
 Snake:2: 3456 daAuts
     D:9: 3155 daAuts
 Snake:4: 3146 daAuts
  Lair:3: 3132 daAuts
    D:14: 3095 daAuts
Vaults:1: 3038 daAuts
Vaults:2: 2952 daAuts
 Snake:1: 2929 daAuts
  Lair:1: 2837 daAuts
